 Dungeon Crawl Stone Soup version 0.22.1-1-ga44c0e5 (webtiles) character file.

53 Fang the Skirmisher (level 3, -1/24 HPs)
             Began as a Gargoyle Berserker on Oct 17, 2018.
             Was a Believer of Trog.
             Slain by Robin
             ... wielding a +0 falchion
              (4 damage)
             ... on level 2 of the Dungeon.
             The game lasted 00:01:50 (1203 turns).

Fang the Skirmisher (Gargoyle Berserker)            Turns: 1203, Time: 00:01:51

Health: -1/24      AC:  5    Str: 21    XL:     3   Next: 87%
Magic:  3/3        EV: 12    Int:  7    God:    Trog [**....]
Gold:   36         SH:  0    Dex:  9    Spells: 2/2 levels left

rFire    . . .     SeeInvis .   a - +0 hand axe
rCold    . . .     Gourm    .   (no shield)
rNeg     + . .     Faith    .   b - +0 animal skin
rPois    ∞         Spirit   .   (no helmet)
rElec    +         Reflect  .   (no cloak)
rCorr    .         Harm     .   (no gloves)
MR       .....                  (no boots)
Stlth    +.........             (no amulet)
HPRegen  0.08/turn              (no ring)
MPRegen  0.08/turn              (no ring)

@: berserk cooldown, slowed, very slow
A: negative energy resistance 1, electricity resistance, unbreathing,
petrification resistance, rot immunity, AC +3
a: Berserk, Trog's Hand, Renounce Religion


You were on level 2 of the Dungeon.
You worshipped Trog.
Trog was pleased with you.
You were hungry.

You visited 1 branch of the dungeon, and saw 2 of its levels.

You collected 36 gold pieces.

Inventory:

Hand Weapons
 a - a +0 hand axe (weapon)
Armour
 b - a +0 animal skin (worn)
Jewellery
 e - an uncursed ring of magical power {unknown}
 m - an uncursed ring of fire {unknown}
Scrolls
 g - 2 scrolls of remove curse {unknown}
 i - 2 scrolls of magic mapping {unknown}
 j - 2 scrolls of immolation {unknown}
Potions
 d - a potion of degeneration {unknown}
 f - a potion of cancellation {unknown}
 h - a potion of heal wounds {unknown}
 l - a potion of curing {unknown}
Comestibles
 c - a ration
 k - 2 chunks of flesh


   Skills:
 + Level 3.9 Fighting
 + Level 3.3 Axes
 + Level 2.3 Armour
 + Level 2.1 Dodging
 + Level 0.7 Stealth


You had 2 spell levels left.
You didn't know any spells.
Your spell library was empty.

Dungeon Overview and Level Annotations

Branches:
Dungeon (2/15)

Altars:

Annotations:
D:2 Robin


Innate Abilities, Weirdness & Mutations

You are resistant to torment.
Your stone body is resilient. (AC +3)
You are immune to poison.
You resist negative energy. (rN+)
You are resistant to electric shocks. (rElec)
You can survive without breathing.
You are immune to petrification.
You are immune to rotting.


Message History

Robin drinks a potion.
Robin goes berserk!
Unknown command.
The kobold hits you but does no damage. x2
Things that are here:
a club; a goblin corpse Unknown command.
Robin closely misses you. Robin barely misses you.
The kobold closely misses you.
Found 18 gold pieces.
You closely miss Robin. You hit the kobold. Robin closely misses you.
The kobold hits you but does no damage. Robin hits you with a falchion.
* * * LOW HITPOINT WARNING * * *
The kobold barely misses you. Robin hits you but does no damage.
You hit Robin.
Robin is lightly wounded.
You hit the kobold.
You kill the kobold!
Trog accepts your kill. Robin hits you with a falchion.
You die...

#.. ##..
##..###. ....
. ...?.. #...
....##..# #
#......# # .#
#..##g.##.###
#...
#..#)g#g....$
..
#..))@.......
#.)......%...
####
#...###......
.... #....#
...>.. ##..
........
.....
....######.
..... #### #
####


You could see Robin (berserk) and 2 hobgoblins.

Vanquished Creatures
  An adder (D:2)
  2 dart slugs (D:1)
  A leopard gecko (D:2)
  2 bats (D:1)
  2 giant cockroaches (D:2)
  13 goblins
  4 hobgoblins
  6 kobolds
  A quokka (D:2)
  4 rats (D:1)
36 creatures vanquished.

Notes
Turn   | Place    | Note
-------+----------+-------------------------------------------
     0 | D:1      | Fang the Gargoyle Berserker began the quest for the Orb.
     0 | D:1      | Reached XP level 1. HP: 14/14 MP: 1/1
   389 | D:1      | Reached XP level 2. HP: 17/19 MP: 2/2
  1095 | D:2      | Reached XP level 3. HP: 24/24 MP: 3/3
  1191 | D:2      | Noticed Robin
  1198 | D:2      | Reached ** piety under Trog
  1203 | D:2      | Slain by Robin

Skill      XL: |  1  2  3 |
---------------+----------+-----
Axes           | 3 |  3.3
Dodging        | 2 |  2.1
Fighting       | |  3.9
Armour         | |  2.3
Stealth        | |  0.7

Action                   || total
-------------------------++-------
Melee: Hand axe          ||    89
Invok: Berserk           ||     2
 Stab: Sleeping          ||     1
  Eat: Chunk             ||     2
Armor: Animal skin       ||    47
Dodge: Dodged            ||    69
